 Dungeon Crawl Stone Soup version 0.27.1-33-g824d729ab1 (webtiles) character file.

Game seed: 16937872704591863981

100 pkoi the Ruffian (level 4, 0/38 HPs)
             Began as a Draconian Monk on Dec 17, 2021.
             Killed from afar by Sigmund (4 damage)
             ... with a magic dart
             ... on level 3 of the Dungeon.
             The game lasted 00:02:38 (2788 turns).

pkoi the Ruffian (Draconian Monk)                   Turns: 2788, Time: 00:02:38

Health: 0/38       AC:  5    Str: 14    XL:     4   Next: 46%
Magic:  0/4        EV: 12    Int: 11    God:
Gold:   58         SH:  0    Dex: 13    Spells: 3/3 levels left

rFire    . . .     SeeInvis .     - Unarmed
rCold    . . .     Faith    .   (no shield)
rNeg     . . .     Spirit   +   (armour unavailable)
rPois    .         Reflect  .   (helmet restricted)
rElec    .         Harm     .   (no cloak)
rCorr    .         Rampage  .   (no gloves)
Will     .....                  (no boots)
Stlth    +.........             e - amulet of guardian spirit
HPRegen  0.12/turn              (no ring)
MPRegen  0.09/turn              (no ring)

@: confused
A: AC +5, unfitting armour, cold-blooded
a: no special abilities


You were on level 3 of the Dungeon.
You visited 1 branch of the dungeon, and saw 3 of its levels.

You collected 58 gold pieces.

Inventory:

Missiles
 i - 8 curare-tipped darts (quivered)
 k - 18 poisoned darts
Armour
 m - a +1 cloak
Jewellery
 e - an amulet of guardian spirit (around neck)
Scrolls
 b - 2 scrolls of teleportation {unknown}
 c - 2 scrolls of identify {unknown}
 d - a scroll of enchant weapon {unknown}
 f - 2 scrolls of amnesia {unknown}
 h - a scroll of vulnerability {unknown}
Potions
 a - 2 potions of attraction {unknown}
 g - 3 potions of ambrosia {unknown}
 j - a potion of magic {unknown}
 l - a potion of flight {unknown}


   Skills:
 - Level 3.2 Fighting
 - Level 2.6 Dodging
 - Level 1.7 Stealth
 + Level 5.3 Unarmed Combat


You had 3 spell levels left.
You didn't know any spells.
Your spell library contained the following spells:

 Spells                   Type           Power      Damage    Failure   Level
 Foxfire                  Conj/Fire      0%         2x1d4     34%         1
 Conjure Flame            Conj/Fire      0%         6-21      71%         3
 Gell's Gravitas          Tloc           0%         N/A       71%         3
 Inner Flame              Hex/Fire       0%         N/A       71%         3
 Lesser Beckoning         Tloc           0%         N/A       71%         3
 Teleport Other           Tloc           0%         N/A       71%         3


Dungeon Overview and Level Annotations

Branches:
Dungeon (3/15)

Altars:

Annotations:
D:3 Sigmund


Innate Abilities, Weirdness & Mutations

Your plain brown scales are hard. (AC +5)
You cannot fit into any form of body armour.
You are cold-blooded and may be slowed by cold attacks.


Message History

You bump into the rock wall.
Sigmund hits you from afar with a +3 scythe of venom!
* * * LOW HITPOINT WARNING * * *
You bump into the rock wall.
You feel less confused. Sigmund gestures at you while chanting.
You are confused.
Sigmund gestures at you while chanting. You resist with some effort.
Sigmund giggles. "Time to reap what you sow."
Sigmund casts a spell at you. The magic dart hits you.
* * * LOW HITPOINT WARNING * * *
You bump into the rock wall.
You feel less confused. Sigmund closely misses you.
Sigmund hits you but does no damage.
You are poisoned.
You feel sick.
You feel sick.
You feel sick. Sigmund gestures at you while chanting. The magic dart hits you.
* * * LOW HITPOINT WARNING * * *
You feel sick.
Sigmund says, "You will soon forget everything."
You feel sick.
Sigmund points at you and mumbles some strange words.
You are confused.
You feel sick. Sigmund asks, "Do you like me?" Sigmund casts a spell at you.
The magic dart hits you.
* * * LOW HITPOINT WARNING * * *
You're too confused to move!
You feel sick.
You bump into the rock wall.
You feel sick.
You are no longer poisoned.
Sigmund casts a spell at you. The magic dart hits you.
You die...

#.####.# #.....## #.#
#...##.# #......###..
#....# #.......####
#....# #######..#
###.##.##### ##.#
...........### #.#
###.##.......######.#
#..#####..@.....##.#
#.##
####.###@...#####...
##.#
#..####...†......
#..#
##...###.#####...
..## ###..#...# ###
##.....# ###...#
#...# #...# #####


You could see Sigmund.

Vanquished Creatures
  Jessica (D:2)
  Terence (D:2)
  A worm (D:2)
  4 dart slugs
  An orc (D:3)
  An endoplasm (D:3)
  A giant cockroach (D:1)
  5 goblins
  4 hobgoblins
  2 jackals (D:1)
  3 kobolds
  3 quokkas
  4 ball pythons
  4 bats
  3 rats
38 creatures vanquished.

Notes
Turn   | Place    | Note
-------+----------+-------------------------------------------
     0 | D:1      | pkoi the Draconian Monk began the quest for the Orb.
     0 | D:1      | Reached XP level 1. HP: 19/19 MP: 1/1
   721 | D:1      | Reached XP level 2. HP: 23/26 MP: 2/2
  1419 | D:2      | Found a faded altar of an unknown god.
  1426 | D:2      | Reached skill level 4 in Unarmed Combat
  1560 | D:2      | Reached XP level 3. HP: 31/31 MP: 3/3
  2019 | D:2      | Noticed Jessica
  2037 | D:2      | Killed Jessica
  2038 | D:2      | Reached XP level 4. HP: 33/38 MP: 2/4
  2356 | D:3      | Noticed Terence
  2365 | D:3      | Reached skill level 5 in Unarmed Combat
  2430 | D:2      | Killed Terence
  2734 | D:3      | Noticed Sigmund
  2788 | D:3      | Killed from afar by Sigmund

Illustrated notes

Levels and vault maps discovered:
D:1:      psy_arrival_whirlpool, layout_basic
D:2:      layout_basic, hellmonk_ecumenical_altar_crossroads, uniq_jessica
D:3:      layout_rooms, cheibrodos_gnoll_hut, uniq_sigmund, uniq_terence

Skill      XL: |  1  2  3  4 |
---------------+-------------+-----
Unarmed Combat | 4 5 |  5.3
Fighting       | |  3.2
Dodging        | |  2.6
Stealth        | |  1.7

Action                   |  1- 3 |  4- 6 || total
-------------------------+-------+-------++-------
Melee: Unarmed           |   112 |    35 ||   147
       Tailslap          |    12 |     2 ||    14
       Punch             |     1 |     1 ||     2
Throw: Dart              |       |     1 ||     1
 Stab: Sleeping          |     6 |     2 ||     8
Armor: Skin              |    23 |     5 ||    28
Dodge: Dodged            |    65 |    23 ||    88
